 Dungeon Crawl Stone Soup version 0.28.0-45-g0d030f2227 (webtiles) character file.

Game seed: 12554796097121631590

373 MisterFreud the Cudgeller (level 6, -7/54 HPs)
             Began as a Palentonga Fighter on Apr 13, 2022.
             Was a Believer of Dithmenos.
             Mangled by a phantom (8 damage)
             ... on level 4 of the Dungeon.
             The game lasted 00:05:17 (4213 turns).

MisterFreud the Cudgeller (Palentonga Fighter)      Turns: 4213, Time: 00:05:17

Health: -7/54      AC:  2    Str: 19    XL:     6   Next: 43%
Magic:  6/6        EV:  5    Int: 12    God:    Dithmenos [**....]
Gold:   39         SH:  4    Dex: 15    Spells: 5/5 levels left

rFire   . . .      SeeInvis +   a - +0 flail
rCold   . . .      Faith    .   c - +0 buckler
rNeg    . . .      Spirit   .   A - +1 chain mail of Integrity {rElec Regen+ Int+3 Dex+4}
rPois   .          Reflect  .   l - +0 helmet
rElec   +          Harm     .   (no cloak)
rCorr   .          Rampage  .   (no gloves)
Will    .....                   (no barding)
Stlth   ..........              (no amulet)
HPRegen 0.00/turn               (no ring)
MPRegen 0.10/turn               (no ring)

@: mighty, corroded, attractive, inhibited regen, wreathed by umbra
A: large, rugged brown scales 3, see invisible, deformed body, roll 2, armoured
tail, talons 1, robust 1, inhibited regeneration
a: Rolling Charge, Renounce Religion, Shadow Step


You were on level 4 of the Dungeon.
You worshipped Dithmenos.
Dithmenos was pleased with you.
You visited 1 branch of the dungeon, and saw 4 of its levels.

You collected 149 gold pieces.
You spent 110 gold pieces at shops.

Inventory:

Hand Weapons
 a - a +0 flail (weapon)
 f - a +1 dagger of venom
Missiles
 m - 5 poisoned darts
Armour
 c - a +0 buckler (worn)
 l - a +0 helmet (worn)
 A - the +1 chain mail of Integrity (worn) {rElec Regen+ Int+3 Dex+4}
   (You found it on level 4 of the Dungeon)

   Int:       It affects your intelligence (+3).
   Dex:       It affects your dexterity (+4).
   rElec:     It insulates you from electricity.
   Regen:     It increases your rate of health regeneration.
Wands
 t - a wand of digging (4)
 w - a wand of iceblast (13)
 y - a wand of acid (9)
Scrolls
 i - a scroll of amnesia {unknown}
 j - 3 scrolls of enchant weapon {unknown}
 k - 3 scrolls of identify {unknown}
 n - a scroll of fear {unknown}
 p - a scroll of vulnerability {unknown}
 q - a scroll of noise {unknown}
 x - 2 scrolls of blinking {unknown}
 z - a scroll of immolation {unknown}
Potions
 e - 2 potions of mutation
 g - a potion of attraction
 h - a potion of ambrosia {unknown}
 o - a potion of haste {unknown}
 r - 2 potions of magic {unknown}
 s - 2 potions of lignification {unknown}
 u - a potion of flight {unknown}


   Skills:
 - Level 3.0 Fighting
 + Level 6.5 Maces & Flails
 + Level 3.0 Armour
 - Level 2.4 Shields


You had 5 spell levels left.
You didn't know any spells.
Your spell library contained the following spells:

 Spells                   Type           Power      Damage    Failure   Level
 Corpse Rot               Necr/Air       0%         N/A       100%        2
 Poisonous Vapours        Pois/Air       0%         N/A       100%        2


Dungeon Overview and Level Annotations

Branches:
Dungeon (4/15)
 Temple: D:4-7

Altars:
Dithmenos
Kikubaaqudgha
Okawaru
Yredelemnul

Shops:
D:4 !:


Innate Abilities, Weirdness & Mutations

You are completely covered in rugged brown scales. (AC +3, +7% HP)
You have supernaturally acute eyesight. (SInv)
Armour fits poorly on your strangely shaped body.
You can roll at foes to attack.
You have a long armoured tail.
You have sharp toenails.
You are robust. (+10% HP)
You do not regenerate when monsters are visible.


Message History

You hit Ijyb.
Ijyb is severely wounded.
Ijyb barely misses you. The phantom hits you. The quokka barely misses you.
Ijyb hits you with a +0 club.
* * * LOW HITPOINT WARNING * * *
You hit Ijyb.
Ijyb is almost dead.
You block the phantom's attack. You block the quokka's attack.
Ijyb zaps a wand.
The bolt of acid hits you!
* * * LOW HITPOINT WARNING * * *
The acid corrodes you!
Unknown command.
You feel much better. The phantom hits you!
* * * LOW HITPOINT WARNING * * *
You block the quokka's attack. Ijyb hits you with a +0 club.
* * * LOW HITPOINT WARNING * * *
Unknown command.
You sock Ijyb!
You kill Ijyb!
Dithmenos accepts your kill.
The phantom hits you but does no damage.
The quokka bites you.
* * * LOW HITPOINT WARNING * * *
The phantom hits you.
* * * LOW HITPOINT WARNING * * *
The quokka completely misses you.
Your Armour skill increases to level 3!
Unknown command.
Unknown command.
Unknown command.
It was a potion of mutation.
You feel extremely strange.
You feel robust.
You feel you can roll further.
Your regeneration stops near monsters.
Your toenails lengthen and sharpen.
You block the quokka's attack. The phantom hits you.
* * * LOW HITPOINT WARNING * * *
The phantom blinks!
You blink.
It was a potion of attraction.
You feel attractive to monsters. The phantom hits you!
You die...

##$..##
#.....###
#....8###
#....∩...
#.....#.
#..##....
#......
#..##..##
.....#
#......##
#...8#
##.......
#...#
##.......
#.W#
#........
#.@#
#....#...
#..##
#..####..
#...##
##.###...
##...#
##..#....
#..)##
#........
#..r§###
#.....#..
##.....#
#...###..
#....##
#....#...
##....#
#.#......


You could see a phantom and a quokka.

Vanquished Creatures
  A necrophage (D:4)
  A scorpion (D:4)
  A jelly (D:4)
  A bullfrog skeleton (D:4)
  Ijyb (D:4)
  Robin (D:2)
  5 adders
  An adder skeleton (D:4)
  3 dart slugs
  2 orcs (D:3)
  4 bats
  3 endoplasms
  A giant cockroach (D:2)
  16 goblins
  11 hobgoblins
  2 jackals
  5 kobolds
  4 quokkas
  5 ball pythons
  2 frilled lizards
  6 rats
76 creatures vanquished.

Notes
Turn   | Place    | Note
-------+----------+-------------------------------------------
     0 | D:1      | MisterFreud the Palentonga Fighter began the quest for the
                  | Orb.
     0 | D:1      | Reached XP level 1. HP: 19/19 MP: 1/1
   274 | D:1      | Reached XP level 2. HP: 16/25 MP: 2/2
   414 | D:1      | Reached skill level 3 in Maces & Flails
   522 | D:1      | Found a faded altar of an unknown god.
   596 | D:1      | Prayed at the altar of an unknown god.
   596 | D:1      | Became a worshipper of Dithmenos the Shadowed
   596 | D:1      | Reached * piety under Dithmenos
   919 | D:2      | Noticed Robin
  1022 | D:2      | Reached XP level 3. HP: 31/31 MP: 3/3
  1435 | D:2      | Killed Robin
  1442 | D:2      | Reached skill level 4 in Maces & Flails
  1749 | D:2      | Reached XP level 4. HP: 15/37 MP: 4/4
  2189 | D:2      | Reached ** piety under Dithmenos
  2462 | D:3      | Identified the +4 dagger of Conformity {pain, Int+2}
  2744 | D:3      | Found an iron altar of Okawaru.
  3155 | D:3      | Reached skill level 5 in Maces & Flails
  3456 | D:4      | Found an ancient bone altar of Kikubaaqudgha.
  3521 | D:4      | Found Saugoebb's Distillery.
  3533 | D:4      | Bought a potion of heal wounds for 55 gold pieces
  3533 | D:4      | Bought a potion of heal wounds for 55 gold pieces
  3545 | D:4      | Reached XP level 5. HP: 41/43 MP: 5/5
  3895 | D:4      | Found Vousibet's Self-Improvement Boutique.
  3943 | D:4      | Reached skill level 6 in Maces & Flails
  4006 | D:4      | Found a basalt altar of Yredelemnul.
  4073 | D:4      | Identified the +1 chain mail of Integrity {rElec Regen+
                  | Int+3 Dex+4}
  4123 | D:4      | Noticed a necrophage
  4133 | D:4      | Killed a necrophage
  4134 | D:4      | Reached XP level 6. HP: 48/50 MP: 6/6
  4190 | D:4      | Noticed Ijyb
  4209 | D:4      | HP: 2/50 [Ijyb/bolt of acid (13)]
  4211 | D:4      | Killed Ijyb
  4212 | D:4      | Gained mutation: You are robust. (+10% HP) [potion of
                  | mutation]
  4212 | D:4      | Gained mutation: You can roll at foes to attack. [potion of
                  | mutation]
  4212 | D:4      | Gained mutation: You do not regenerate when monsters are
                  | visible. [potion of mutation]
  4212 | D:4      | Gained mutation: You have sharp toenails. [potion of
                  | mutation]
  4213 | D:4      | Mangled by a phantom

Illustrated notes

Levels and vault maps discovered:
D:1:      lemuel_arrival_river_ford, layout_basic,
          ebering_ecumenical_altar_abandoned
D:2:      layout_rooms, uniq_robin
D:3:      layout_loops_corners, mainiacjoe_overflow_alcove_2,
          chequers_serial_rivers_large_b
D:4:      layout_cave_pools, mainiacjoe_overflow_24_doors,
          nicolae_tso_carved_into_rock, zin_treasury,
          mainiacjoe_overflow_chevrons, serial_shops, nicolae_square_shop,
          nicolae_shop_self_help, uniq_ijyb

Skill      XL: |  1  2  3  4  5  6 |
---------------+-------------------+-----
Maces & Flails | 3 4 5 6 |  6.5
Armour         | 3 |  3.0
Fighting       | |  3.0
Shields        | |  2.4

Action                   |  1- 3 |  4- 6 || total
-------------------------+-------+-------++-------
Melee: Flail             |   122 |   122 ||   244
       Tailslap          |    16 |    16 ||    32
 Abil: Rolling Charge    |    13 |    30 ||    43
  Use: Potion            |       |     5 ||     5
Armor: Scale mail        |    80 |    37 ||   117
       Chain mail        |       |    12 ||    12
Dodge: Dodged            |    50 |    35 ||    85
Block: Buckler           |    22 |    17 ||    39
